 Dungeon Crawl Stone Soup version 0.21-a0-632-g1e37ce5 (webtiles) character file.

166 zxkuqyb the Chopper (level 5, -2/47 HPs)
             Began as a Minotaur Berserker on Dec 27, 2017.
             Was a Priest of Trog.
             Slain by archon2's ghost (12 damage)
             ... on level 3 of the Dungeon.
             The game lasted 00:07:00 (2336 turns).

zxkuqyb the Chopper (Minotaur Berserker)            Turns: 2336, Time: 00:07:01

Health: -2/47      AC:  7    Str: 22    XL:     5   Next: 22%
Magic:  4/4        EV: 11    Int:  4    God:    Trog [***...]
Gold:   150        SH:  5    Dex: 10    Spells: 4/4 levels left

rFire    . . .     SeeInvis .   a - +0 hand axe
rCold    . . .     Gourm    .   k - +2 buckler
rNeg     . . .     Faith    .   i - +0 ring mail
rPois    .         Spirit   .   (helmet restricted)
rElec    .         Reflect  .   (no cloak)
rCorr    .         Harm     .   o - +0 pair of gloves
MR       .....                  (no boots)
Stlth    ..........             (no amulet)
HPRegen  0.15/turn              (no ring)
MPRegen  0.09/turn              (no ring)

@: no status effects
A: retaliatory headbutt, horns 2
a: Berserk, Trog's Hand, Burn Spellbooks, Renounce Religion


You were on level 3 of the Dungeon.
You worshipped Trog.
Trog was most pleased with you.
You were not hungry.

You visited 1 branch of the dungeon, and saw 3 of its levels.

You collected 150 gold pieces.

Inventory:

Hand Weapons
 a - a +0 hand axe (weapon)
Missiles
 u - 6 needles of sleeping
Armour
 b - a +0 animal skin
 e - a +0 leather armour
 i - a +0 ring mail (worn)
 k - a +2 buckler (worn)
 o - a +0 pair of gloves (worn)
Wands
 m - a wand of polymorph (11)
Scrolls
 d - 5 scrolls of identify {unknown}
 j - 2 scrolls of teleportation {unknown}
 q - a scroll of immolation {unknown}
 s - a scroll of amnesia {unknown}
Potions
 f - a potion of cancellation {unknown}
 g - a potion of magic {unknown}
 h - a potion of degeneration {unknown}
 n - 2 potions of heal wounds {unknown}
 p - a potion of agility {unknown}
 r - a potion of lignification {unknown}
 t - a potion of curing {unknown}
Comestibles
 c - 10 rations
 l - 2 chunks of flesh


   Skills:
 + Level 4.3 Fighting
 * Level 5.0 Axes
 * Level 4.2 Armour
 + Level 3.0 Dodging
 + Level 1.0 Shields


You had 4 spell levels left.
You didn't know any spells.

Dungeon Overview and Level Annotations

Branches:
Dungeon (3/15)

Altars:
Trog

Annotations:
D:3 archon2's ghost, amateur MfGl


Innate Abilities, Weirdness & Mutations

You reflexively headbutt those who attack you in melee.
You have a pair of horns on your head.


Message History

There is an open door here.
Archon2's ghost is too close now for your liking.
Archon2's ghost hits you.
You closely miss archon2's ghost. Archon2's ghost hits you.
You closely miss archon2's ghost. You block archon2's ghost's attack.
You miss archon2's ghost.
You headbutt archon2's ghost, but do no damage.
Archon2's ghost hits you!
You closely miss archon2's ghost. You block archon2's ghost's attack.
You hit archon2's ghost. Your headbutt misses archon2's ghost.
Archon2's ghost is lightly damaged.
Archon2's ghost barely misses you. Archon2's ghost hits you!
You hit archon2's ghost but do no damage.
Archon2's ghost is lightly damaged.
Archon2's ghost hits you!
* * * LOW HITPOINT WARNING * * *
Archon2's ghost makes a sound of rattling chains.
There is an open door here.
Archon2's ghost hits you!
You die...

#.###.###.###.## #.#
#.........# #.# #.#
######.##### #.# #.#
#...##.# ##'## #.#
#.....^# ##...## ##.#
#...#### ##.....## #..#
##.#.## ##.......## #..##
#....####.........####...#
#.<.....'@........'.......
#....####.W.......####...#
####.#.## ##.......##
#..## #.......# ##.....##
#.## #.#####.## ##...##
#.# #.# #..# ##'## #.###
#.# #..# #.# #...# #.#
#..# #.# ###.# #.#####..#
##.## #.#


You could see archon2's ghost.

Vanquished Creatures
  Terence (D:2)
  6 adders
  7 worms
  A dart slug (D:1)
  A leopard gecko (D:3)
  16 giant cockroaches
  2 goblins (D:1)
  4 hobgoblins
  A ball python (D:2)
  10 bats
  2 frilled lizards
  10 kobolds
  7 rats
68 creatures vanquished.

Notes
Turn   | Place    | Note
-------+----------+-------------------------------------------
     0 | D:1      | zxkuqyb the Minotaur Berserker began the quest for the Orb.
     0 | D:1      | Reached XP level 1. HP: 19/19 MP: 0/0
    58 | D:1      | Reached XP level 2. HP: 16/27 MP: 1/1
   381 | D:1      | Reached skill level 4 in Axes
   530 | D:1      | Reached ** piety under Trog
   896 | D:2      | Noticed Terence
   907 | D:2      | Killed Terence
   907 | D:2      | Reached XP level 3. HP: 20/33 MP: 2/2
   957 | D:2      | Reached XP level 4. HP: 17/40 MP: 3/3
  1310 | D:2      | Noticed a moth of wrath
  1313 | D:2      | Found a bloodstained altar of Trog.
  1630 | D:2      | Reached *** piety under Trog
  1820 | D:3      | Reached XP level 5. HP: 46/46 MP: 4/4
  1954 | D:3      | Reached skill level 5 in Axes
  2072 | D:3      | Reached skill level 1 in Shields
  2318 | D:3      | Noticed archon2's ghost (amateur MfGl)
  2336 | D:3      | Slain by archon2's ghost

Vault maps used:
D:1:      kennysheep_arrival_forest
D:2:      minmay_roachtagon, tgw_trog, uniq_terence
D:3:      first_ration, serial_park_tiny_1

Skill      XL: |  1  2  3  4  5 |
---------------+----------------+-----
Armour         | 3 4 |  4.2
Axes           | 4 5 |  5.0
Fighting       | 4 |  4.3
Dodging        | 3 |  3.0
Shields        | 1 |  1.0

Action                   |  1- 3 |  4- 6 || total
-------------------------+-------+-------++-------
Melee: Hand axe          |    78 |   101 ||   179
       Headbutt          |     8 |    22 ||    30
  Eat: Chunk             |       |     5 ||     5
Armor: Animal skin       |     4 |       ||     4
       Leather armour    |     5 |       ||     5
       Ring mail         |     3 |    20 ||    23
Dodge: Dodged            |    65 |    38 ||   103
Block: Buckler           |       |    13 ||    13

Table legend:
 A = Spawn XP
 B = Non-spawn XP
 C = Spawn XP percentage of total XP
 D = Spawn monster count
 E = Non-spawn monster count
 F = Spawn count percentage of total count
 G = Total turns spent on level
                    A         B        C        D         E        F      G
               +---------+---------+-------+---------+---------+-------+---------
         Total |       0 |     238 |   0.0 |       0 |      68 |   0.0 |  2336
               +---------+---------+-------+---------+---------+-------+---------
           D:1 |       0 |      39 |   0.0 |       0 |      24 |   0.0 |   881
           D:2 |       0 |     148 |   0.0 |       0 |      30 |   0.0 |   873
           D:3 |       0 |      51 |   0.0 |       0 |      14 |   0.0 |   582
               +---------+---------+-------+---------+---------+-------+---------
